 Dungeon Crawl Stone Soup version 0.31-a0-858-g469dc525a8 (webtiles) character file.

Game seed: 3430760072007357734

2007 BritishOli the Trooper (level 9, 0/72 HPs)
             Began as a Demonspawn Fighter on Oct 6, 2023.
             Was a Priest of Okawaru.
             Slain by a water moccasin (1 damage)
             ... on level 7 of the Dungeon on Oct 9, 2023.
             The game lasted 00:09:27 (4789 turns).

BritishOli the Trooper (Demonspawn Fighter)         Turns: 4789, Time: 00:09:27

Health: 0/72       AC:  0    Str: 20    XL:     9   Next: 2%
Magic:  9/9        EV: 16    Int: 10    God:    Okawaru [***...]
Gold:   137        SH: 10    Dex: 19    Spells: 8/8 levels left

rFire   . . .        a - +0 war axe
rCold   . . .        c - +0 buckler
rNeg    . . .        (no body armour)
rPois   .            (helmet restricted)
rElec   .            (no cloak)
rCorr   .            (no gloves)
SInv    .            (no boots)
Will    .....        (no amulet)
Stlth   ++           g - +5 ring of evasion
HPRegen 0.32/turn    m - +6 ring of dexterity
MPRegen 0.11/turn

%: no passive effects
@: lethally poisoned (0 -> -5)
A: horns 1, large bone plates 1, demonic magic 1
a: Renounce Religion, Heroism


You were on level 7 of the Dungeon.
You worshipped Okawaru.
Okawaru was most pleased with you.
You visited 1 branch of the dungeon, and saw 7 of its levels.
You also visited: Sewer.

You collected 251 gold pieces.
You spent 114 gold pieces at shops.

Inventory:

Hand Weapons
 a - a +0 war axe (weapon)
Armour
 b - a +0 scale mail
 c - a +0 buckler (worn)
Jewellery
 g - a +5 ring of evasion (left hand)
 i - a ring of magical power
 m - a +6 ring of dexterity (right hand)
 B - a +6 ring of dexterity
Wands
 r - a wand of flame (28)
Scrolls
 f - 2 scrolls of vulnerability
 h - a scroll of fog {unknown}
 o - a scroll of noise {unknown}
 p - 2 scrolls of butterflies {unknown}
 t - 2 scrolls of blinking
 u - a scroll of brand weapon {unknown}
 w - a scroll of fear {unknown}
 y - 3 scrolls of identify
 z - a scroll of enchant armour {unknown}
Potions
 d - a potion of might
 e - a potion of haste
 j - 4 potions of enlightenment
 k - 2 potions of curing
 n - a potion of lignification {unknown}
 q - a potion of brilliance {unknown}
 s - 3 potions of heal wounds
 v - 2 potions of attraction {unknown}
 x - a potion of mutation {unknown}
 C - a potion of magic {unknown}


   Skills:
 + Level 7.2 Fighting
 + Level 6.1 Axes
 + Level 6.5 Armour
 - Level 4.1 Shields


You had 8 spell levels left.
You didn't know any spells.
Your spell library contained the following spells:

 Spells                   Type           Power      Damage    Failure   Level
 Ozocubu's Armour         Ice            0%         N/A       80%         3
 Metabolic Englaciation   Hex/Ice        0%         N/A       100%        5
 Simulacrum               Ice/Necr       Unusable   N/A       N/A         6

Dungeon Overview and Level Annotations

Branches:
Dungeon (7/15)              Sewer (visited)
 Temple: D:4-7

Altars:
Ashenzari
Gozag
Makhleb
Okawaru
Trog
Uskayaw
Xom

Shops:
D:4 *?([

Annotations:
D:3 Sigmund
D:5 Dowan, Duvessa


Innate Abilities, Weirdness & Mutations

You have a pair of small horns on your head.
You are partially covered in large bone plates. (SH +4)
Spells you cast may paralyse adjacent enemies.


Message History

The phantom closely misses you.
You start removing your armour.
You continue taking off your +0 scale mail.
You feel very sick.
The water moccasin completely misses you.
The phantom closely misses you.
You continue taking off your +0 scale mail.
You feel very sick. The water moccasin bites you.
You are more poisoned.
The water moccasin poisons you! The water moccasin closely misses you.
The phantom hits you but does no damage.
You continue taking off your +0 scale mail.
You feel very sick. The water moccasin misses you.
The phantom hits you but does no damage.
You continue taking off your +0 scale mail.
You feel very sick. The water moccasin misses you.
You block the phantom's attack.
You finish taking off your +0 scale mail.
Unknown command.
You feel very sick. The water moccasin closely misses you.
The water moccasin bites you!
* * * LOW HITPOINT WARNING * * *
The phantom hits you!
* * * LOW HITPOINT WARNING * * *
* * * LOW HITPOINT WARNING * * *
You feel very sick. The water moccasin bites you.
* * * LOW HITPOINT WARNING * * *
You block the phantom's attack.
* * * LOW HITPOINT WARNING * * *
You feel very sick. You block the water moccasin's attack.
The water moccasin barely misses you. You block the phantom's attack.
* * * LOW HITPOINT WARNING * * *
You feel sick. The water moccasin misses you. The phantom misses you.
* * * LOW HITPOINT WARNING * * *
You feel sick. The water moccasin bites you.
You die...

#...## #.<..### #......#
####...###. ##....#.
#######..#....#
##...#....##.#.# #
##.........##.# >.##
#..........@#.###..#
#.........WS#.$.S..####
#...............ยง......
##..........#######...#
##.......#.# #
####.####.# ... #..
..... ##.# ....... ..


You could see a water moccasin and a phantom.

Vanquished Creatures
  Pikel (D:5)
  Grinder (D:6)
  An orc warrior (D:6)
  2 black bears
  An ice beast (D:5)
  An ogre (D:4)
  A phantom (D:5)
  A bullfrog (D:6)
  A kobold brigand (Sewer)
  3 scorpions (D:4)
  2 jellies (D:4)
  A sleepcap (D:6)
  2 hounds
  3 iguanas
  An orc wizard (D:6)
  Robin (D:2)
  5 gnolls
  9 adders
  A shadow imp (D:7)
  5 white imps
  An ufetubus (D:4)
  5 worms
  An orc (D:6)
  13 ball pythons
  7 endoplasms
  2 giant cockroaches (D:4)
  18 goblins
  9 hobgoblins
  6 jackals
  11 quokkas
  9 bats
  3 frilled lizards
  13 kobolds
  6 rats
147 creatures vanquished.

Notes
Turn   | Place    | Note
-------+----------+-------------------------------------------
     0 | D:1      | BritishOli the Demonspawn Fighter began the quest for the
                  | Orb.
     0 | D:1      | Reached XP level 1. HP: 18/18 MP: 1/1
   120 | D:1      | Gained mutation: You are partially covered in large bone
                  | plates. (SH +4) [demonic ancestry]
   120 | D:1      | Reached XP level 2. HP: 20/24 MP: 2/2
   327 | D:1      | Gained mutation: You have a pair of small horns on your
                  | head. [demonic ancestry]
   327 | D:1      | Reached XP level 3. HP: 19/29 MP: 3/3
   811 | D:2      | Reached XP level 4. HP: 27/36 MP: 4/4
   900 | D:2      | Noticed Robin
  1128 | D:2      | Killed Robin
  1134 | D:2      | Reached XP level 5. HP: 39/42 MP: 5/5
  1602 | D:3      | Found an iron altar of Okawaru.
  1610 | D:3      | Became a worshipper of Warmaster Okawaru
  1688 | D:3      | Found an opulent altar of Gozag.
  1713 | D:3      | Noticed Sigmund
  1734 | D:4      | Found Xysenoathri's Assorted Antiques.
  1909 | D:4      | Found Ben Yxeb's Magic Scroll Boutique.
  1916 | D:4      | Found a shimmering altar of Xom.
  1917 | D:4      | Upgraded the game from 0.31-a0-851-g7ff8af7976 to
                  | 0.31-a0-858-g469dc525a8
  1919 | D:4      | Bought a scroll of identify for 24 gold pieces
  1919 | D:4      | Bought a scroll of blinking for 90 gold pieces
  1927 | D:4      | Found a hide-covered altar of Uskayaw.
  1932 | D:4      | Reached skill level 4 in Fighting
  1937 | D:4      | Found Jubonuch's Armour Boutique.
  2052 | D:4      | Found Ohapiut's Weapon Shoppe.
  2073 | D:4      | Found a broken altar of Ashenzari.
  2083 | D:4      | Reached XP level 6. HP: 30/48 MP: 6/6
  2242 | D:4      | Found a burning altar of Makhleb.
  2325 | D:4      | Reached * piety under Okawaru
  2571 | D:5      | Entered Level 5 of the Dungeon
  2625 | D:4      | Reached XP level 7. HP: 6/55 MP: 7/7
  2626 | D:4      | HP: 4/82 [poisoned by a scorpion]
  2823 | D:5      | Noticed Pikel
  2827 | D:5      | Found a glowing drain.
  2836 | Sewer    | Entered a sewer
  2920 | Sewer    | Reached skill level 5 in Fighting
  3038 | D:5      | Killed Pikel
  3038 | D:5      | Reached ** piety under Okawaru
  3039 | D:5      | Reached skill level 6 in Fighting
  3039 | D:5      | Reached skill level 5 in Armour
  3039 | D:5      | Reached XP level 8. HP: 14/64 MP: 8/8
  3045 | D:5      | Reached skill level 5 in Axes
  3609 | D:5      | Noticed Dowan
  3610 | D:5      | Noticed Duvessa
  3832 | D:5      | Found a bloodstained altar of Trog.
  4131 | D:6      | Noticed Grinder
  4144 | D:6      | Paralysed by Grinder for 4 turns
  4147 | D:6      | HP: 3/65 [Grinder (2)]
  4148 | D:6      | Killed Grinder
  4148 | D:6      | Reached *** piety under Okawaru
  4149 | D:6      | Reached skill level 7 in Fighting
  4519 | D:6      | Gained mutation: Spells you cast may paralyse adjacent
                  | enemies. [demonic ancestry]
  4519 | D:6      | Reached XP level 9. HP: 32/72 MP: 9/9
  4788 | D:7      | HP: 2/72 [poisoned by a water moccasin]
  4789 | D:7      | Slain by a water moccasin

Illustrated notes

Levels and vault maps discovered:
D:1:      lemuel_arrival_broad_hall, layout_rooms, minmay_tall_x
D:2:      layout_basic, uniq_robin
D:3:      layout_rooms, lemuel_crystal_altar, grunt_gozag_breadcrumbs,
          serial_glass, glass_columns_a, glass_columns_a, uniq_natasha,
          uniq_sigmund
D:4:      layout_cave_pools, nicolae_ashenzari_skybound,
          chequers_temple_overflow_statue_of_worship, bloody_makhleb,
          serial_shops, shop, shop, shop, shop
D:5:      layout_rooms, trog_hazing_becter, cheibrodos_sewer_entry_drain,
          nicolae_houndstooth_variations, uniq_pikel, uniq_duvessa
D:6:      layout_rooms, minitemple, serial_shops, shop,
          corexii_item_surrounded_by_moat, lightli_minifort, uniq_grinder
D:7:      layout_rooms, minmay_temple_entry_purple_smoke, serial_shops,
          nicolae_stop_n_shop_1

Skill      XL: |  1  2  3  4  5  6  7  8 |
---------------+-------------------------+-----
Axes           | 2 3 4 6 |  6.1
Shields        | 3 4 |  4.1
Armour         | 3 4 5 6 |  6.5
Fighting       | 4 6 7 |  7.2

Action                     |  1- 3 |  4- 6 |  7- 9 || total
---------------------------+-------+-------+-------++-------
  Melee: War axe           |    97 |   136 |   194 ||   427
         Headbutt          |     7 |    16 |    39 ||    62
  Evoke: Wand              |       |     6 |     9 ||    15
    Use: Scroll            |       |     5 |     3 ||     8
         Potion            |       |     1 |       ||     1
 Armour: Scale mail        |    80 |   104 |   137 ||   321
         Skin              |       |       |     4 ||     4
  Dodge: Dodged            |    43 |    80 |   175 ||   298
  Block: Buckler           |    49 |    74 |   147 ||   270

Table legend: (Time is in decaauts)
 A = Elapsed time spent in this place.
 B = Non-inter-level travel time spent in this place.
 C = Inter-level travel time spent in this place.
 D = Time resting spent in this place.
 E = Time spent auto-exploring this place.
 F = Levels seen in this place.
 G = Mean time per level.
                   A        B        C        D        E       F      G
               +--------+--------+--------+--------+--------+-----+--------+
         Total |   4978 |   4862 |    116 |   1137 |   2595 |   8 |  622.2 |
       Dungeon |   4785 |   4669 |    116 |   1137 |   2458 |   7 |  683.6 |
         Sewer |    192 |    192 |      0 |      0 |    137 |   1 |  192.0 |
               +--------+--------+--------+--------+--------+-----+--------+

Top non-repeatable levels by time:
     D:4: 1403 daAuts
     D:2: 845 daAuts
     D:5: 833 daAuts
     D:1: 628 daAuts
     D:6: 493 daAuts
     D:3: 330 daAuts
     D:7: 251 daAuts
   Sewer: 192 daAuts
